 Dungeon Crawl Stone Soup version 0.29.1-2-gbd0b4ee654 (webtiles) character file.

Game seed: 9675844727517590151

116365 MacCMillion the Eclecticist (level 17, 0/143 HPs)
             Began as a Djinni Conjurer on Nov 10, 2022.
             Was an Elder of Ashenzari.
             Killed from afar by a shock serpent (30 damage)
             ... with a bolt of electricity
             ... on level 3 of the Snake Pit.
             The game lasted 02:03:56 (26076 turns).

MacCMillion the Eclecticist (Djinni Conjurer)      Turns: 26076, Time: 02:03:57

Health: 0/143      AC: 12    Str:  6    XL:     17   Next: 26%
Gold:   3461       EV: 18    Int: 30    God:    Ashenzari [****..] SH:  0 Dex: 15

rFire   + + +      SeeInvis +   A - +2 short sword of the Cryptic Moon {Self, Range} (curse)
rCold   x . .      Faith    .   (no shield)
rNeg    . . .      Spirit   .   S - +0 troll leather armour "Ensconced Together" {Regen+, Self, Cun} (curse)
rPois   ∞          Reflect  .   H - +0 helmet of the Mantic Sky {Evo, Fort} (curse)
rElec   .          Harm     +   d - +0 cloak "Share My Limitation" {Fort, Self} (curse)
rCorr   .          Rampage  .   k - +0 pair of gloves of the Breathing Gods {rF+ Int+3 Dex+2}
Will    +....      Clarity  +   (boots unavailable)
Stlth   ++++......              Y - amulet of Ashenzari's Bitterness {Harm Regen+, Self, Cun} (curse)
HPRegen 1.93/turn               g - ring of the Eternal Augur {AC+4, Cun, Self} (curse)
MPRegen 0.00/turn               I - ring of protection from fire

@: flying
A: sickness immunity, fire resistance 2, cold vulnerability 1, float, innate
caster, HP casting, extra vitality 1
a: Renounce Religion, Curse Item, Shatter the Chains


You were on level 3 of the Snake Pit.
You worshipped Ashenzari.
Ashenzari was greatly pleased with you.
You visited 4 branches of the dungeon, and saw 25 of its levels.
You also visited: Ossuary.

You collected 3461 gold pieces.

Inventory:

Hand Weapons
 A - the cursed +2 short sword of the Cryptic Moon (weapon) {Self, Range}
   (You took it off a wight in an ossuary)

   It has a curse which improves the following skills: Introspection: Fighting
   and Spellcasting.
   Ranged Combat: Ranged Weapons and Throwing.
Armour
 d - the cursed +0 cloak "Share My Limitation" (worn) {Fort, Self}
   (You found it on level 1 of the Dungeon)

   It has a curse which improves the following skills: Fortitude: Armour and
   Shields.
   Introspection: Fighting and Spellcasting.
 k - the +0 pair of gloves of the Breathing Gods (worn) {rF+ Int+3 Dex+2}
   (You acquired it on level 14 of the Dungeon)

   Int:       It affects your intelligence (+3).
   Dex:       It affects your dexterity (+2).
   rF:        It protects you from fire.
 H - the cursed +0 helmet of the Mantic Sky (worn) {Evo, Fort}
   (You found it on level 2 of the Dungeon)

   It has a curse which improves the following skills: Evocations: Evocations.
   Fortitude: Armour and Shields.
 N - a +1 pair of gloves
 S - the cursed +0 troll leather armour "Ensconced Together" (worn) {Regen+, Self, Cun}
   (You found it on level 10 of the Dungeon)

   Regen:     It increases your rate of health regeneration.
   It has a curse which improves the following skills: Introspection: Fighting
   and Spellcasting.
   Cunning:   Dodging and Stealth.
Jewellery
 g - the cursed ring of the Eternal Augur (left hand) {AC+4, Cun, Self}
   (You found it on level 1 of the Dungeon)

   [ring of protection]

   AC:        It affects your AC (+4).
   It has a curse which improves the following skills: Cunning: Dodging and
   Stealth.
   Introspection: Fighting and Spellcasting.
 l - a ring of positive energy
 q - a ring of resist corrosion
 D - the ring of Ignis's Whim {Will+ Stlth+}
   (You found it on level 5 of the Lair of Beasts)

   [ring of willpower]

   Will:      It increases your willpower.
   Stlth:     It makes you more stealthy.
 F - a +4 ring of slaying
 G - a ring of protection from cold
 I - a ring of protection from fire (right hand)
 M - a +4 ring of slaying
 V - a +4 ring of slaying
 W - the ring of Alahaj {rF+ Will- Str+6 Slay+4}
   (You found it on level 1 of the Lair of Beasts)

   [ring of slaying]

   Str:       It affects your strength (+6).
   Slay:      It affects your accuracy & damage with ranged weapons and melee
   (+4).
   rF:        It protects you from fire.
   Will:      It decreases your willpower.
 Y - the cursed amulet of Ashenzari's Bitterness (around neck) {Harm Regen+, Self, Cun}
   (You found it on level 2 of the Lair of Beasts)

   [amulet of regeneration]

   Regen:     It increases your rate of health regeneration.
   Harm:      It increases damage dealt and taken.
   It has a curse which improves the following skills: Introspection: Fighting
   and Spellcasting.
   Cunning:   Dodging and Stealth.
Wands
 a - a wand of acid (8)
 b - a wand of mindburst (13)
 E - a wand of digging (6)
 R - a wand of polymorph (13)
 T - a wand of flame (32)
 U - a wand of roots (4)
 X - a wand of charming (21)
Scrolls
 c - 6 scrolls of poison
 m - 5 scrolls of enchant armour
 n - 2 scrolls of brand weapon
 o - 8 scrolls of magic mapping
 p - 4 scrolls of enchant weapon
 s - 10 scrolls of teleportation
 t - 3 scrolls of blinking
 y - 3 scrolls of immolation
 B - 7 scrolls of butterflies
 C - 2 scrolls of torment
 J - a scroll of silence
 L - 7 scrolls of fear
 P - 3 scrolls of vulnerability
Potions
 e - a potion of invisibility
 f - 5 potions of mutation
 h - 7 potions of brilliance
 i - 4 potions of magic
 j - 5 potions of cancellation
 r - a potion of attraction
 u - 13 potions of curing
 v - 3 potions of resistance
 w - 6 potions of degeneration
 x - 5 potions of might
 z - 2 potions of ambrosia
 K - 4 potions of haste
 O - 4 potions of heal wounds
 Q - a potion of berserk rage


   Skills:
 + Level 14.3(19.8) Fighting
 - Level 2.0(4.2) Armour
 - Level 10.5(14.3) Dodging
 - Level 6.3(10.2) Stealth
 + Level 17.9(23.2) Spellcasting
 - Level 4.7(6.6) Evocations


You had 16 spell levels left.
You knew the following spells:

 Your Spells              Type           Power      Damage    Failure   Level
a - Magic Dart            Conj           100%       1d8       0%          1
b - Searing Ray           Conj           100%       2d8       0%          2
c - Dazzling Flash        Conj/Hex       100%       N/A       0%          3
d - Fulminant Prism       Conj/Hex       54%        3d23      0%          4
e - Iskenderun's Mystic   Conj/Tloc      100%       2d19      0%          4
f - Foxfire               Conj/Fire      100%       2x1d9     0%          1
g - Wereblood             Tmut           100%       N/A       0%          2
h - Frozen Ramparts       Ice            100%       1d16      0%          3
i - Mephitic Cloud        Conj/Pois/Air  100%       N/A       0%          3
j - Alistair's Intoxicat  Tmut/Pois      72%        N/A       0%          5
k - Borgnjor's Vile Clut  Necr/Erth      54%        N/A       0%          5
l - Summon Cactus Giant   Summ           54%        N/A       0%          6
m - Spellforged Servitor  Conj/Summ      54%        N/A       1%          7
Your spell library was empty.

Dungeon Overview and Level Annotations

Branches:
Dungeon (15/15)            Temple (0/1) D:6            Lair (5/5) D:11
 Shoals (0/4) Lair:3        Snake (3/4) Lair:3        Slime (0/5) Lair:4
    Orc (2/2) D:11            Elf (0/3) Orc:2        Vaults (0/5) D:14
 Depths (0/4) D:15        Ossuary (visited)

Altars:
Ashenzari
Cheibriados
Dithmenos
Gozag
Hepliaklqana
Nemelex Xobeh
Okawaru
Ru
Uskayaw
Wu Jian
Xom
Yredelemnul
Zin
The Shining One
Jiyva

Shops:
D:1 :   D:4 *   Orc:1 *   Orc:2 ([*=   Snake:1 =::

Annotations:
D:8 exclusion: obsidian statue
D:11 2 runed translucent doors, SonOfSpiff's ghost, journeyman HOMo
Lair:3 exclusion: ice statue
Orc:1 3 runed translucent doors, exclusion: obsidian statue, LaMa's ghost, journeyman MiBe


Innate Abilities, Weirdness & Mutations

You are immune to sickness and miasma.
You are immune to poison.
Your flesh is very heat resistant. (rF++)
You are vulnerable to cold. (rC-)
You float through the air rather than walking.
You learn spells naturally, not from books.
Your magical power is your life essence.
You have superior vitality. (+4 MHP)


Message History

The zombie hands constrict the naga!
The zombie hands constrict the black mamba.
The black mamba bites you.
* * * LOW HITPOINT WARNING * * *
The mana viper struggles to escape constriction.
A mana viper comes into view.
Casting: Borgnjor's Vile Clutch (safe; 0% risk of failure)
Confirm with . or Enter, or press ? or * to list all spells.
Aiming: Borgnjor's Vile Clutch (safe; 0% risk of failure)
Press: ? - help, Shift-Dir - straight line, f - black mamba, p - black mamba
Aim: a black mamba (almost dead, ally target, 100% to hit)
Okay, then.
The zombie hands constrict the mana viper!
The zombie hands constrict the naga!
You kill the naga!
The zombie hands constrict the black mamba.
The black mamba struggles to escape constriction.
The mana viper struggles to escape constriction.
The black mamba struggles to escape constriction.
The mana viper escapes!
Casting: Borgnjor's Vile Clutch (safe; 0% risk of failure)
Confirm with . or Enter, or press ? or * to list all spells.
Aiming: Borgnjor's Vile Clutch (safe; 0% risk of failure)
Press: ? - help, Shift-Dir - straight line, f - black mamba, p - black mamba
Aim: a black mamba (severely wounded, ally target, 100% to hit)
Okay, then.
Casting: Borgnjor's Vile Clutch (safe; 0% risk of failure)
Confirm with . or Enter, or press ? or * to list all spells.
Aiming: Borgnjor's Vile Clutch (safe; 0% risk of failure)
Press: ? - help, Shift-Dir - straight line, f - black mamba, p - black mamba
Aim: a black mamba (severely wounded, ally target, 100% to hit)
Zombie hands grab the black mamba.
* * * LOW HITPOINT WARNING * * *
The zombie hands constrict the black mamba! x2
You kill the black mamba!
The black mamba struggles to escape constriction.
The black mamba escapes!
The shock serpent shoots out a bolt of lightning at you!
The bolt of electricity hits you!!
You die...

,,, #....#####....# ,
, , ,,,
###.........### , , ,
, ####.....##* , ,,,
########.### ,, , ,
####...###..## *, ,,,
,, , , ##........#.###
, , , , , ,,
##........)S.### ,
,,...............### ,
,,,
,...........@.....# ,
,, ,, ,
.........CS.........,
, ,,
.................... *
* ,
.................... ,
∩*
......S†............,,
, ,
*#.....SN............
* ,
⌠................... *
#...N.............. ,,
, .................. ,
* *


You could see a naga sharpshooter, a shock serpent, 2 mana vipers, a black mamba
(ally target), a naga and a friendly cactus giant (summoned).

Vanquished Creatures
  Kirke (D:15)
  2 nagarajas
  2 orc warlords
  A stone giant (D:15)
  Nessos (D:15)
  The ghost of Qucvyi Areg the Grappler, a journeyman DrTm of Yredelemnul (Lair:2)
  2 boulder beetles
  A salamander tyrant (Snake:1)
  4 catoblepae
  2 ogre magi
  3 anacondas
  7 hydras
  5 centaur warriors
  7 two-headed ogres
  A naga warrior (Snake:2)
  2 tengu warriors (D:15)
  Urug (D:13)
  10 death yaks (Lair:5)
  A shock serpent (Snake:2)
  3 orc high priests (Orc:2)
  A naga sharpshooter (Snake:2)
  Amaemon (D:11)
  The ghost of matti1234 the Covert, a novice KoEn of Gozag (Lair:1)
  A salamander mystic (Snake:1)
  A sea snake (Snake:1)
  2 naga ritualists
  An orange crystal statue (D:8)
  A wizard (D:14)
  3 deep elf pyromancers
  4 orc sorcerers (Orc:2)
  A mana viper (Snake:2)
  5 orc knights
  15 ugly things
  3 cyclopes
  4 salamanders
  5 manticores
  23 black mambas
  7 elephants
  8 naga magi
  A guardian serpent (Lair:3)
  2 torpor snails
  An orange demon (D:11)
  13 cane toads
  Psyche (D:11)
  A kobold demonologist (D:10)
  A rime drake (shapeshifter) (D:13)
  7 komodo dragons
  2 rime drakes
  An ice devil (Lair:3)
  2 freezing wraiths
  5 trolls
  4 polar bears (Lair:3)
  11 blink frogs
  A snapping turtle (Lair:3)
  2 dream sheep (D:8)
  5 wyverns
  2 wraiths
  72 yaks
  A wyvern (shapeshifter) (D:15)
  3 steam dragons
  5 basilisks
  5 hogs (D:15)
  6 vampire mosquitoes
  22 nagas
  3 acid dragons
  4 swamp worms (Lair:5)
  9 water moccasins
  36 orc warriors
  7 ice beasts
  A swamp drake (D:11)
  3 black bears
  2 sky beasts
  10 ogres
  6 wolves (Lair:2)
  12 centaurs
  7 kobold brigands
  5 scorpions
  14 bullfrogs
  3 gnoll sergeants
  2 necrophages (D:5)
  A water moccasin zombie (Ossuary)
  A wight (Ossuary)
  5 electric eels
  3 howler monkeys
  4 crimson imps (D:12)
  2 bullfrog zombies (Ossuary)
  2 gnoll boudas
  4 centaur zombies (Ossuary)
  21 orc priests
  3 hounds
  2 jellies
  4 iguanas
  41 orc wizards
  6 hell rats (Lair:5)
  21 gnolls
  12 adders
  6 white imps
  2 adder zombies (Ossuary)
  4 worms
  2 dart slugs
  89 orcs
  4 ball pythons
  6 endoplasms
  4 giant cockroaches
  3 gnoll zombies (Ossuary)
  5 goblins
  6 hobgoblins
  5 quokkas
  3 bats
  8 frilled lizards
  4 goblin zombies (Ossuary)
  A hobgoblin zombie (Ossuary)
  21 kobolds
  5 orc zombies (Ossuary)
  A quokka zombie (D:4)
  4 rats
  A rat zombie (D:4)
760 creatures vanquished.

Vanquished Creatures (collateral kills)
  A two-headed ogre (D:15)
  3 anacondas
  A death knight (D:15)
  A phantasmal warrior (D:15)
  3 black mambas
  A naga mage (Snake:3)
  A freezing wraith (D:15)
  A wraith (D:13)
  2 vampire mosquitoes (D:13)
  2 nagas (Snake:2)
  4 centaurs (D:13)
  2 orc priests (Orc:2)
  An orc wizard (Orc:2)
  An orc (Orc:2)
24 creatures vanquished.

Vanquished Creatures (others)
  449 fulminant prisms
  23 fungi
  136 plants
608 creatures vanquished.

Grand Total: 1392 creatures vanquished

Notes
Turn   | Place    | Note
-------+----------+-------------------------------------------
     0 | D:1      | MacCMillion the Djinni Conjurer began the quest for the
                  | Orb.
     0 | D:1      | MacCMillion set off with the following spells memorised:
                  | Magic Dart, Searing Ray, Dazzling Flash, Fulminant Prism,
                  | Iskenderun's Mystic Blast.
     0 | D:1      | Reached XP level 1. HP: 15/15 MP: 0/0
   304 | D:1      | Found Xunloin's Book Boutique.
   365 | D:1      | Reached XP level 2. HP: 15/21 MP: 0/0
   642 | D:1      | Found a faded altar of an unknown god.
  1548 | D:2      | Reached XP level 3. HP: 24/25 MP: 0/0
  1548 | D:2      | Learned a level 1 spell: Foxfire
  1649 | D:2      | Reached XP level 4. HP: 12/31 MP: 0/0
  2514 | D:2      | Found an iron altar of Okawaru.
  2792 | D:2      | Reached XP level 5. HP: 20/35 MP: 0/0
  2792 | D:2      | Learned a level 2 spell: Wereblood
  3101 | D:3      | Found a broken altar of Ashenzari.
  3102 | D:3      | Found a hazy altar of Hepliaklqana.
  3103 | D:3      | Found a basalt altar of Yredelemnul.
  3104 | D:3      | Found an ornate altar of the Wu Jian Council.
  3104 | D:3      | Found a glowing silver altar of Zin.
  3104 | D:3      | Found a shadowy altar of Dithmenos.
  3109 | D:3      | Became a worshipper of Ashenzari the Shackled
  3497 | D:3      | Reached skill level 4 in Spellcasting
  4194 | D:4      | Found a glowing golden altar of the Shining One.
  4196 | D:4      | Found a hide-covered altar of Uskayaw.
  4317 | D:4      | Found a sand-covered staircase.
  4324 | Ossuary  | Entered an ossuary
  4473 | Ossuary  | Reached XP level 6. HP: 28/40 MP: 0/0
  4989 | Ossuary  | Reached skill level 5 in Spellcasting
  5132 | Ossuary  | Reached XP level 7. HP: 31/45 MP: 0/0
  5132 | Ossuary  | Learned a level 3 spell: Frozen Ramparts
  5368 | Ossuary  | Noticed a silent spectre
  5611 | D:4      | Reached skill level 6 in Spellcasting
  5707 | D:4      | Found Igaifelo's General Store.
  5796 | D:4      | Found an opulent altar of Gozag.
  5816 | D:4      | Reached * piety under Ashenzari
  6218 | D:4      | Reached XP level 8. HP: 42/50 MP: 0/0
  6592 | D:5      | Entered Level 5 of the Dungeon
  6602 | D:5      | Identified the +1 leather armour "Suaxevoe" {rN+}
  6891 | D:5      | Reached skill level 7 in Spellcasting
  7059 | D:5      | Reached ** piety under Ashenzari
  7162 | D:5      | Reached skill level 1 in Fighting
  7786 | D:5      | Reached skill level 5 in Fighting
  7786 | D:5      | Reached XP level 9. HP: 59/67 MP: 0/0
  7786 | D:5      | Learned a level 3 spell: Mephitic Cloud
  8216 | D:6      | Reached *** piety under Ashenzari
  8736 | D:6      | Found a staircase to the Ecumenical Temple.
  9941 | D:7      | Reached XP level 10. HP: 73/80 MP: 0/0
  9947 | D:7      | Reached skill level 5 in Stealth
 10028 | D:7      | Reached skill level 8 in Spellcasting
 10296 | D:7      | Reached **** piety under Ashenzari
 10367 | D:7      | Identified the +1 robe "Emuott" {rN+ rCorr Int+3}
 11052 | D:8      | Noticed a three-headed hydra
 11067 | D:8      | Killed a three-headed hydra
 11068 | D:8      | Reached skill level 9 in Spellcasting
 11316 | D:8      | Noticed an orange crystal statue
 11344 | D:8      | Killed an orange crystal statue
 11488 | D:8      | Reached XP level 11. HP: 42/85 MP: 0/0
 11488 | D:8      | Learned a level 5 spell: Alistair's Intoxication
 11847 | D:8      | Noticed an obsidian statue
 12046 | D:9      | Noticed a deep elf pyromancer
 12080 | D:9      | Killed a deep elf pyromancer
 12081 | D:9      | Reached skill level 10 in Spellcasting
 12791 | D:10     | Entered Level 10 of the Dungeon
 12892 | D:10     | Identified the Directory of Transformation and Putrescence
 12983 | D:10     | Reached skill level 5 in Dodging
 13101 | D:10     | Identified a scroll of acquirement
 13737 | D:11     | Noticed Psyche
 13746 | D:11     | Killed Psyche
 13747 | D:11     | Reached skill level 1 in Evocations
 13758 | D:11     | Found a large runed translucent door.
 13758 | D:11     | Found a large runed translucent door.
 13759 | D:11     | Identified the +6 battleaxe "Bostruf" {freeze, rElec Will+
                  | Dex+4}
 13799 | D:11     | Acquired 851 gold pieces
 14172 | D:11     | Found a staircase to the Lair.
 14276 | D:11     | Reached XP level 12. HP: 90/91 MP: 0/0
 14323 | D:11     | Noticed Amaemon
 14333 | D:11     | Killed Amaemon
 14365 | D:11     | Reached skill level 11 in Spellcasting
 14573 | D:11     | Found a staircase to the Orcish Mines.
 14747 | D:11     | Noticed a five-headed hydra
 14759 | D:11     | Killed a five-headed hydra
 15129 | D:11     | Noticed SonOfSpiff's ghost (journeyman HOMo)
 15190 | D:12     | Noticed a five-headed hydra
 15295 | Lair:1   | Entered Level 1 of the Lair of Beasts
 15443 | Lair:1   | Reached skill level 12 in Spellcasting
 15460 | Lair:1   | Found a runed translucent door.
 15463 | Lair:1   | Noticed matti1234's ghost (novice KoEn)
 15463 | Lair:1   | Identified the ring of Alahaj {rF+ Will- Str+6 Slay+4}
 15718 | Lair:1   | Reached ***** piety under Ashenzari
 15812 | Lair:1   | Killed matti1234's ghost
 16072 | Lair:2   | Noticed a four-headed hydra
 16076 | Lair:2   | Noticed a five-headed hydra
 16082 | Lair:2   | Noticed a catoblepas
 16115 | Lair:2   | Killed a catoblepas
 16124 | Lair:2   | Reached XP level 13. HP: 93/103 MP: 0/0
 16124 | Lair:2   | Learned a level 5 spell: Borgnjor's Vile Clutch
 16156 | Lair:2   | Killed a five-headed hydra
 16172 | Lair:2   | Noticed a boulder beetle
 16199 | Lair:2   | Killed a boulder beetle
 16200 | Lair:2   | Reached skill level 13 in Spellcasting
 16283 | Lair:2   | Killed a four-headed hydra
 16594 | Lair:2   | Identified the amulet of Happiness {Harm Regen+}
 16595 | Lair:2   | Noticed Qucvyi Areg's ghost (journeyman DrTm)
 16603 | Lair:2   | Found a runed translucent door.
 16667 | Lair:2   | Reached skill level 1 in Armour
 17071 | Lair:2   | Killed Qucvyi Areg's ghost
 17506 | Lair:3   | Reached skill level 10 in Fighting
 17612 | Lair:3   | Found a staircase to the Snake Pit.
 17775 | Lair:3   | Found a staircase to the Shoals.
 17811 | Lair:3   | Reached XP level 14. HP: 109/114 MP: 0/0
 17967 | Lair:4   | Found a staircase to the Slime Pits.
 17967 | Lair:4   | Found a viscous altar of Jiyva.
 17994 | Lair:4   | Reached skill level 14 in Spellcasting
 18638 | Lair:5   | Entered Level 5 of the Lair of Beasts
 19236 | Lair:5   | Reached skill level 15 in Spellcasting
 19283 | Lair:5   | Reached skill level 10 in Dodging
 19380 | Lair:5   | Reached XP level 15. HP: 110/122 MP: 0/0
 19380 | Lair:5   | Learned a level 6 spell: Summon Cactus Giant
 19421 | Lair:5   | Identified the ring of Ignis's Whim {Will+ Stlth+}
 19578 | Lair:5   | Identified Merughui's Verses on Spellbinding Glaciation
 19783 | Orc:1    | Entered Level 1 of the Orcish Mines
 19934 | Orc:1    | Found a runed translucent gate.
 19935 | Orc:1    | Found a runed translucent gate.
 20015 | Orc:1    | Found a runed translucent gate.
 20015 | Orc:1    | Noticed LaMa's ghost (journeyman MiBe)
 20021 | Orc:1    | Found an opulent altar of Gozag.
 20027 | Orc:1    | Found Doapn's Assorted Antiques.
 20087 | Orc:2    | Entered Level 2 of the Orcish Mines
 20129 | Orc:2    | Found a staircase to the Elven Halls.
 20297 | Orc:2    | Found Qunnoud's Jewellery Boutique.
 20391 | Orc:1    | Noticed an orc warlord
 20401 | Orc:1    | Killed an orc warlord
 20701 | Orc:2    | Reached skill level 16 in Spellcasting
 20763 | Orc:2    | Noticed an orc warlord
 20775 | Orc:2    | Killed an orc warlord
 20910 | Orc:2    | Found Xaiphome's Antique Armour Shop.
 20914 | Orc:2    | Found Egerch's General Store.
 20916 | Orc:2    | Found Gopnycy's Antique Weapon Shop.
 21564 | D:12     | Found a shimmering altar of Xom.
 21938 | D:13     | Noticed Urug
 21942 | D:13     | Killed Urug
 22844 | D:14     | Reached XP level 16. HP: 111/130 MP: 0/0
 22951 | D:14     | Found a sparkling altar of Nemelex Xobeh.
 23218 | D:14     | Found a gate to the Vaults.
 23270 | D:14     | Acquired the +0 pair of gloves of the Breathing Gods {rF+
                  | Int+3 Dex+2}
 23296 | D:15     | Entered Level 15 of the Dungeon
 23369 | D:15     | Noticed Kirke
 23431 | D:14     | Identified the cursed +2 short sword of the Cryptic Moon
                  | {Self, Range} (You took it off a wight in an ossuary)
 23431 | D:14     | Identified the cursed +0 cloak "Share My Limitation" {Fort,
                  | Self} (You found it on level 1 of the Dungeon)
 23431 | D:14     | Identified the cursed +0 helmet of the Mantic Sky {Evo,
                  | Fort} (You found it on level 2 of the Dungeon)
 23431 | D:14     | Identified the cursed +0 troll leather armour "Ensconced
                  | Together" {Regen+, Self, Cun} (You found it on level 10 of
                  | the Dungeon)
 23431 | D:14     | Identified the cursed ring of the Eternal Augur {AC+4, Cun,
                  | Self} (You found it on level 1 of the Dungeon)
 23445 | D:15     | Killed Kirke
 23576 | D:15     | Reached skill level 17 in Spellcasting
 23648 | D:15     | Found a sacrificial altar of Ru.
 24055 | D:15     | Noticed Nessos
 24066 | D:15     | Killed Nessos
 24170 | D:15     | Found a staircase to the Depths.
 24520 | Snake:1  | Entered Level 1 of the Snake Pit
 24625 | Snake:1  | Found Areap's Jewellery Shoppe.
 24625 | Snake:1  | Found Lihuhimu's Book Shop.
 24626 | Snake:1  | Found Yhirghio's Book Shop.
 24842 | Snake:1  | Found a snail-covered altar of Cheibriados.
 25440 | Snake:2  | Noticed a nagaraja
 25446 | Snake:2  | Killed a nagaraja
 25447 | Snake:2  | Reached XP level 17. HP: 141/141 MP: 0/0
 25447 | Snake:2  | Learned a level 7 spell: Spellforged Servitor
 26076 | Snake:3  | Killed from afar by a shock serpent

Illustrated notes

Levels and vault maps discovered:
D:1:      lightli_arrival_chessboard, layout_basic,
          shapermc_ecumenical_altar_mp_ritualfount, serial_shops,
          nicolae_shop_statue_plus
D:2:      layout_basic, basic_altar, serial_co_window_serial, co_window_paths_a,
          co_window_of_opportunity_a, co_window_cross_1, co_window_corner_a,
          co_window_cross_1, co_window_unsneaky_path_e, co_window_broadway_c,
          co_window_broadway_b, glass_columns_b,
          minmay_fractal_squares_gapless_5
D:3:      layout_basic, grunt_temple_overflow_open, serial_bayou_lake_a
D:4:      layout_basic, nicolae_overflow_hidden_temple, enter_ossuary_4,
          nicolae_stop_n_shop_2
D:5:      layout_basic, kennysheep_small_spiral, kennysheep_small_square
D:6:      layout_basic, minmay_temple_entry_trees
D:7:      layout_gridville
D:8:      minmay_separated_statues, layout_cave_pools, fountainhead,
          hangedman_ranch
D:9:      layout_roguey
D:10:     layout_stronghold
D:11:     layout_stronghold, erik_lair_dragon, orc_0_dummy,
          ebering_ghost_disaster_area, grunt_ministairs_11, uniq_amaemon,
          uniq_psyche
D:12:     layout_rooms, led_xom_imps
D:13:     layout_roguey, uniq_urug
D:14:     layout_irregular_city, david_vaults_4, nemelex_altar_shiori
D:15:     grunt_enter_depths_snipers, layout_loops_corners,
          nicolae_ru_awakened_eye, uniq_kirke, uniq_nessos
Lair:1:   layout_misc_corridors, ebering_ghost_reflecting_pool,
          chequers_serial_rivers_micro_b, grunt_megastairs_1
Lair:2:   nzn_winding_woodlands_stair_trap
          [nzn_winding_woodlands_5x15_river_crossing,
          nzn_winding_woodlands_5x15_default,
          nzn_winding_woodlands_5x15_concentric,
          nzn_winding_woodlands_15x15_thick_spiral,
          nzn_winding_woodlands_5x15_default, nzn_winding_woodlands_5x15_jagged,
          nzn_winding_woodlands_5x15_parted], layout_regular_city,
          ebering_ghost_reflecting_pool, serial_bayou_lagoon_a,
          hangedman_lair_unloving_vines
Lair:3:   layout_misc_corridors, minmay_shoals_entry_hut,
          minmay_snake_entry_spellcaster, ice2_lemuel
Lair:4:   layout_regular_city, slime_entry_1
Lair:5:   evilmike_catoblepas_cave, layout_regular_city, ldierk_geyser,
          worms_lemuel
Snake:1:  layout_onion, basic_altar, minmay_shop_grove, serial_bayou_shore_a,
          nicolae_integral_box
Snake:2:  layout_rooms, nicolae_snake_double_loop, grunt_megastairs_4
Snake:3:  layout_onion, serial_shops, bzr_entry_road, grunt_megastairs_2
Orc:1:    layout_caves, ebering_ghost_gozag
Orc:2:    st_orc_congregation, layout_caves, mines2_david

Skill      XL: |  1  2  3  4  5  6  7  8  9 10 11 12 13 14 15 16 17 |
---------------+----------------------------------------------------+-----
Stealth        | 2 4 6 |  6.3
Dodging        | 3 8 10 | 10.5
Spellcasting   | 4 5 6 7 9 10 12 13 15 16 17 | 17.9
Fighting       | 5 6 10 11 13 14 | 14.3
Evocations     | 2 4 |  4.7
Armour         | 2 |  2.0

Action                   |  1- 3 |  4- 6 |  7- 9 | 10-12 | 13-15 | 16-18 || total
-------------------------+-------+-------+-------+-------+-------+-------++-------
Melee: Short sword       |       |       |     3 |    14 |    35 |    11 ||    63
       Punch             |       |       |       |       |       |     1 ||     1
 Cast: Magic Dart        |    38 |    66 |    31 |    24 |       |       ||   159
       Searing Ray       |     2 |    39 |    24 |    18 |       |       ||    83
       Fulminant Prism   |       |     1 |    57 |   145 |   185 |    61 ||   449
       Frozen Ramparts   |       |       |     9 |     3 |       |       ||    12
       Mephitic Cloud    |       |       |       |     1 |       |       ||     1
       Borgnjor's Vile C |       |       |       |       |   220 |    87 ||   307
       Summon Cactus Gia |       |       |       |       |    17 |    28 ||    45
       Alistair's Intoxi |       |       |       |       |    11 |     5 ||    16
Invok: Curse Item        |       |     1 |     4 |     4 |     1 |     1 ||    11
       Shatter the Chain |       |       |       |     2 |     2 |     1 ||     5
Evoke: Wand              |       |       |       |       |       |     2 ||     2
  Use: Scroll            |       |       |       |     1 |       |     2 ||     3
 Stab: Confused          |       |       |       |       |     3 |       ||     3
Armor: Robe              |       |    15 |     5 |     3 |       |       ||    23
       Troll leather arm |       |       |       |    11 |    65 |    12 ||    88
Dodge: Dodged            |     3 |    37 |     8 |    30 |   113 |    52 ||   243
Block: Other             |       |       |       |    11 |     3 |       ||    14
       Reflection        |       |       |       |       |     1 |       ||     1
